 Dungeon Sprint DCSS version 0.22-a0-538-g76cc104 (webtiles) character file.

11728 raistware the Bludgeoner (level 11, -8/101 HPs)
             Began as a Hill Orc Fighter on June 23, 2018.
             Was the Champion of Makhleb.
             Killed from afar by a balrug (17 damage)
             ... with a fireball
             ... summoned by the player character
             ... in the Dungeon (Sprint IX: "|||||||||||||||||||||||||||||").
             The game lasted 00:13:11 (1399 turns).

raistware the Bludgeoner (Hill Orc Fighter)         Turns: 1399, Time: 00:13:12

Health: -8/101     AC: 17    Str: 32    XL:     11   Next: 82%
Magic:  27/27      EV: 12    Int:  8    God:    Makhleb [******]
Gold:   1250       SH: 14    Dex: 11    Spells: 10/10 levels left

rFire    . . .     SeeInvis .   p - +2 morningstar "Giantslayer" {protect, *Drain rPois MP+9 Str+6}
rCold    . . .     Gourm    .   c - +0 shield
rNeg     . . .     Faith    .   t - +1 chain mail
rPois    +         Spirit   .   w - +0 helmet
rElec    .         Reflect  .   e - scarf {cloud immunity}
rCorr    .         Harm     .   x - +0 pair of gloves
MR       .....     NoTele   +   a - +0 pair of boots
Stlth    ..........             (no amulet)
HPRegen  0.26/turn              r - +3 ring of strength
MPRegen  0.20/turn              s - +3 ring of dexterity

@: very slightly contaminated
A: clumsy 1, sense surroundings 1, subdued magic 1
a: Minor Destruction, Lesser Servant of Makhleb, Major Destruction, Greater
Servant of Makhleb, Renounce Religion


You were in the Dungeon.
You worshipped Makhleb.
Makhleb was exalted by your worship.
You were not hungry.

You visited 1 branch You collected 1250 gold pieces.

Inventory:

Hand Weapons
 p - the +2 morningstar "Giantslayer" (weapon) {protect, *Drain rPois MP+9 Str+6}
   (You found it in the Dungeon)

   It protects the one who uses it against injury (+AC on strike).
   It affects your strength (+6).
   It protects you from poison.
   It affects your magic capacity (+9).
   It causes draining when unequipped.
 q - a +2 scimitar of freezing
Armour
 a - a +0 pair of boots (worn)
 b - a +0 troll leather armour
 c - a +0 shield (worn)
 e - a scarf of cloud immunity (worn)
 t - a +1 chain mail (worn)
 w - a +0 helmet (worn)
 x - a +0 pair of gloves (worn)
Jewellery
 r - a +3 ring of strength (left hand)
 s - a +3 ring of dexterity (right hand)
Wands
 l - a wand of enslavement (6)
 o - a wand of iceblast (4)
Scrolls
 k - 2 scrolls of blinking
 m - 6 scrolls of remove curse
 n - 2 scrolls of amnesia
 u - a scroll of fog
 v - a scroll of immolation
Potions
 d - 2 potions of might
 h - a potion of mutation
 i - 5 potions of magic
 j - 4 potions of curing
Comestibles
 f - 12 rations
 g - 37 chunks of flesh


   Skills:
 + Level 10.7 Fighting
 - Level 14.2 Long Blades
 - Level 16.0 Maces & Flails
 + Level 11.7 Armour
 + Level 8.2 Dodging
 + Level 12.4 Shields
 * Level 9.7 Invocations


You had 10 spell levels left.
You didn't know any spells.
Your spell library was empty.

Dungeon Overview and Level Annotations

Branches:
Dungeon (1/1)

Altars:
Cheibriados
Dithmenos
Elyvilon
Fedhas
Gozag
Hepliaklqana
Kikubaaqudgha
Makhleb
Nemelex Xobeh
Okawaru
Qazlal
Ru
Sif Muna
Trog
Uskayaw
Vehumet
Wu Jian
Xom
Yredelemnul
Zin
The Shining One
Beogh
Jiyva
Lugonu

Shops:
D !


Innate Abilities, Weirdness & Mutations

You are clumsy. (Dex -2)
You passively map a small area around you.
Your spells are a little easier to cast, but a little less powerful.


Message History

Items here: ( ))))) [[[[[ ÷÷
Items here: ))) [[ a robe; a dagger of protection; a scimitar; a plate armour; a hand axe As you close the door, pushing everything out of the way, it creaks loudly!
Items here: ( )))))) [[[[ ÷÷ A balrug opens the door.
The balrug gestures at you. Makhleb smites you!
* * * LOW HITPOINT WARNING * * *
Things that are here:
a hand axe; a leather armour; an orc skeleton
Okay, then.
Items here: ))) [[ a hand axe; a trident; a chain mail; a short sword; a plate armour
Items here: )))) [[[[ ÷÷÷
Items here: )) [[ ÷ a hand axe; a leather armour; a dagger; a robe; an orc skeleton The balrug gestures at you.
The fireball explodes!
The fireball engulfs you!
You die...

▓)▓.▓.▓.▓.▓ ,
▓.▓.▓.▓.▓.▓
*,
▓.▓.▓÷▓.▓.▓ *
, ▓.▓.▓.▓.▓.▓
,*
▓.▓.▓.▓.▓.▓
▓)▓.▓.▓.▓.▓
▓)▓.▓.▓.▓.▓ *
* ▓.▓.▓.▓.▓.▓
,* ,
▓.▓.▓.▓.▓@▓,
, ▓.▓.▓=▓.▓)▓
* ▓.▓.▓.▓.▓)▓
* ▓'▓.▓.▓.▓)▓
, ▓_▓.▓.▓.▓)▓
*
▓_▓.▓.▓.▓.▓,*
*
▓_▓.▓.▓.▓2▓,
, ▓_▓.▓.▓.▓.▓
, ,
▓_▓.▓'▓.▓O▓,*
*


You could see a balrug.

Vanquished Creatures
  A stone giant (D)
  2 hydras (D)
  3 two-headed ogres (D)
  2 orc knights (D)
  An orc sorcerer (D)
  4 spiny frogs (D)
  2 komodo dragons (D)
  A troll (D)
  4 tyrant leeches (D)
  2 blink frogs (D)
  A hippogriff (D)
  A shadow (D)
  3 wyverns (D)
  A yak (D)
  An acid dragon (D)
  A porcupine (D)
  11 orc warriors (D)
  3 crocodiles (D)
  5 bullfrogs (D)
  2 scorpions (D)
  4 crimson imps (D)
  3 orc priests (D)
  6 orc wizards (D)
  A leopard gecko (D)
  4 orcs (D)
  A goblin (D)
  2 kobolds (D)
  A quokka (D)
  A leopard gecko skeleton (D)
  A rat (D)
75 creatures vanquished.

Notes
Turn   | Place    | Note
-------+----------+-------------------------------------------
     0 | D        | raistware the Hill Orc Fighter began the quest for the Orb.
     0 | D        | Reached XP level 1. HP: 19/19 MP: 1/1
    23 | D        | Noticed a scorpion
    23 | D        | Noticed an orc wizard
    23 | D        | Noticed a scorpion
    23 | D        | Noticed an orc wizard
    23 | D        | Noticed a crimson imp
    33 | D        | Killed a scorpion
    33 | D        | Reached XP level 2. HP: 25/26 MP: 2/2
    33 | D        | Reached XP level 3. HP: 30/31 MP: 3/3
    35 | D        | Reached XP level 4. HP: 34/39 MP: 4/4
    38 | D        | Reached skill level 10 in Long Blades
    38 | D        | Reached XP level 5. HP: 33/45 MP: 5/5
    55 | D        | Found a roughly hewn altar of Beogh.
    55 | D        | Found a snail-covered altar of Cheibriados.
    55 | D        | Found a shadowy altar of Dithmenos.
    55 | D        | Found a white marble altar of Elyvilon.
    55 | D        | Found a blossoming altar of Fedhas.
    55 | D        | Found an opulent altar of Gozag.
    56 | D        | Found a hazy altar of Hepliaklqana.
    57 | D        | Found a viscous altar of Jiyva.
    58 | D        | Found an ancient bone altar of Kikubaaqudgha.
    59 | D        | Found a corrupted altar of Lugonu.
    60 | D        | Found a burning altar of Makhleb.
    61 | D        | Found a sparkling altar of Nemelex Xobeh.
    62 | D        | Found an iron altar of Okawaru.
    63 | D        | Found a stormy altar of Qazlal.
    64 | D        | Found a sacrificial altar of Ru.
    65 | D        | Found a deep blue altar of Sif Muna.
    66 | D        | Found a bloodstained altar of Trog.
    67 | D        | Found a hide-covered altar of Uskayaw.
    68 | D        | Found a radiant altar of Vehumet.
    69 | D        | Found an ornate altar of the Wu Jian Council.
    72 | D        | Became a worshipper of Makhleb the Destroyer
    75 | D        | Found a shimmering altar of Xom.
    76 | D        | Found a basalt altar of Yredelemnul.
    77 | D        | Found a glowing silver altar of Zin.
    78 | D        | Found a glowing golden altar of the Shining One.
    95 | D        | Got the +2 morningstar "Giantslayer" {protect, *Drain rPois MP+9 Str+6}
   184 | D        | Noticed a hippogriff
   184 | D        | Noticed an orc warrior
   184 | D        | Noticed a troll
   184 | D        | Noticed a wyvern
   187 | D        | Reached skill level 1 in Dodging
   187 | D        | Reached XP level 6. HP: 48/51 MP: 6/6
   196 | D        | Killed a hippogriff
   196 | D        | Reached skill level 5 in Armour
   196 | D        | Reached skill level 5 in Shields
   199 | D        | Reached * piety under Makhleb
   204 | D        | Killed an orc warrior
   204 | D        | Reached XP level 7. HP: 29/57 MP: 7/7
   214 | D        | Killed a troll
   219 | D        | Killed a wyvern
   219 | D        | Reached ** piety under Makhleb
   219 | D        | Reached XP level 8. HP: 8/64 MP: 8/8
   338 | D        | Noticed a two-headed ogre
   338 | D        | Noticed a shadow
   356 | D        | Killed a two-headed ogre
   551 | D        | Reached *** piety under Makhleb
   555 | D        | Reached XP level 9. HP: 70/70 MP: 9/9
   677 | D        | Noticed a spiny frog
   677 | D        | Noticed a six-headed hydra
   677 | D        | Noticed a komodo dragon
   704 | D        | Killed a spiny frog
   704 | D        | Reached skill level 2 in Maces & Flails
   704 | D        | Reached skill level 10 in Armour
   704 | D        | Reached skill level 10 in Shields
   710 | D        | Gained mutation: Your spells are a little easier to cast, but a little less powerful. [potion of mutation]
   710 | D        | Gained mutation: You are clumsy. (Dex -2) [potion of mutation]
   710 | D        | Gained mutation: You passively map a small area around you. [potion of mutation]
   717 | D        | Killed a ten-headed hydra
   717 | D        | Reached **** piety under Makhleb
   717 | D        | Reached skill level 4 in Maces & Flails
   728 | D        | Reached skill level 5 in Maces & Flails
   737 | D        | Killed a komodo dragon
   737 | D        | Reached skill level 7 in Maces & Flails
   740 | D        | Reached ***** piety under Makhleb
   740 | D        | Reached skill level 8 in Maces & Flails
   740 | D        | Reached XP level 10. HP: 46/83 MP: 10/10
   857 | D        | Noticed a seven-headed hydra
   857 | D        | Noticed a spiny frog
   878 | D        | Noticed a spiny frog
   880 | D        | Killed a seven-headed hydra
   880 | D        | Reached skill level 11 in Maces & Flails
   894 | D        | Reached skill level 12 in Maces & Flails
   901 | D        | Killed a spiny frog
   911 | D        | Reached skill level 13 in Maces & Flails
   916 | D        | Killed a spiny frog
   916 | D        | Reached ****** piety under Makhleb
   955 | D        | Noticed a spiny frog
   962 | D        | Reached skill level 14 in Maces & Flails
   991 | D        | Reached skill level 15 in Maces & Flails
   993 | D        | Killed a spiny frog
   993 | D        | Reached XP level 11. HP: 72/89 MP: 11/11
  1001 | D        | Reached skill level 1 in Invocations
  1167 | D        | Reached skill level 16 in Maces & Flails
  1236 | D        | Noticed an orc knight
  1236 | D        | Noticed an orc sorcerer
  1256 | D        | Noticed a stone giant
  1261 | D        | Killed an orc knight
  1269 | D        | Killed an orc sorcerer
  1269 | D        | Reached skill level 5 in Invocations
  1271 | D        | Noticed an orc knight
  1287 | D        | Killed a stone giant
  1307 | D        | Killed an orc knight
  1356 | D        | Found Ynaaqap's Distillery.
  1356 | D        | Noticed a two-headed ogre
  1356 | D        | Noticed a two-headed ogre
  1356 | D        | Noticed a two-headed ogre
  1356 | D        | Noticed a two-headed ogre
  1356 | D        | Noticed a two-headed ogre
  1363 | D        | Killed a two-headed ogre
  1363 | D        | Reached skill level 10 in Fighting
  1368 | D        | Noticed a two-headed ogre
  1370 | D        | Killed a two-headed ogre
  1371 | D        | Noticed an ogre mage
  1372 | D        | Noticed a balrug
  1399 | D        | Killed from afar by a balrug

Vault maps used:
D:        linesprint

Skill      XL: |  1  2  3  4  5  6  7  8  9 10 11 |
---------------+----------------------------------+-----
Long Blades    | 8 9 10 12 13 14 | 14.2
Dodging        | 1 3 4 6 7 8 |  8.2
Armour         | 5 7 9 10 11 | 11.7
Shields        | 5 7 9 10 12 | 12.4
Fighting       | 6 10 | 10.7
Maces & Flails | 8 15 16 | 16.0
Invocations    | 9 |  9.7

Action                   |  1- 3 |  4- 6 |  7- 9 | 10-12 || total
-------------------------+-------+-------+-------+-------++-------
Melee: Long sword        |    21 |     9 |       |       ||    30
       Scimitar          |       |    17 |    64 |       ||    81
       Morningstar       |       |       |    22 |   260 ||   282
Invok: Greater Servant o |       |       |       |     2 ||     2
       Major Destruction |       |       |       |     1 ||     1
Evoke: Wand              |       |     1 |    12 |     2 ||    15
  Use: Potion            |     2 |       |    10 |     2 ||    14
       Scroll            |       |       |     2 |     1 ||     3
 Stab: Invisible         |       |       |     1 |       ||     1
  Eat: Chunk             |       |       |       |     2 ||     2
Armor: Scale mail        |     4 |       |       |       ||     4
       Chain mail        |       |     8 |    52 |    68 ||   128
Dodge: Dodged            |    10 |     4 |    65 |    54 ||   133
Block: Shield            |     8 |    13 |    72 |   100 ||   193
       Rpst.: Long sword |     4 |       |       |       ||     4
       Scimitar          |       |       |     2 |       ||     2

Table legend:
 A = Spawn XP
 B = Non-spawn XP
 C = Spawn XP percentage of total XP
 D = Spawn monster count
 E = Non-spawn monster count
 F = Spawn count percentage of total count
 G = Total turns spent on level
                    A         B        C        D         E        F      G
               +---------+---------+-------+---------+---------+-------+---------
         Total |       0 |   16755 |   0.0 |       0 |      75 |   0.0 |  1399
               +---------+---------+-------+---------+---------+-------+---------
             D |       0 |   16755 |   0.0 |       0 |      75 |   0.0 |  1399
               +---------+---------+-------+---------+---------+-------+---------
